details: 'master fake hacker stab'

« prev index next »

General information

Mini Map

Players

team 1
Random» OrcDels101 (orange | 55 APM | 3257 actions | 59:27)
Hero icon 5 Blademaster
Ability icon 2 Wind Walk
Ability icon 3 Critical Strike
Hero icon 5 Archmage
Ability icon 3 Summon Water Elemental
Ability icon 2 Brilliance Aura
Hero icon 4 Paladin
Ability icon 3 Holy Light
Ability icon 1 Divine Shield
Hero icon 4 Shadow Hunter
Ability icon 2 Hex
Ability icon 2 Healing Wave

» actions
Assign group hotkey84
Basic commands388
Build / train215
Enter build submenu53
Enter hero's abilities submenu18
Give item / drop item2
Right click948
Select / deselect727
Select group hotkey623
Use ability199
3257 total
» units
Peon18
Peasant11
Grunt4
Footman7
Wind Rider10
Priest9
Spell Breaker6
Knight9
Sorceress4
Troll Batrider14
Shaman3
Flying Machine25
Siege Engine10
130 total
» upgrades
Lumber Harvesting2
Priest Training2
Sorceress Training2
Swords3
Envenomed Spears1
Plating3
Animal War Training1
Reinforced Defenses1
Ranged Weapons3
Shaman Training2
Masonry3
Liquid Fire1
Armor1
Flak Cannons1
Gunpowder2
Barrage1
29 total
» buildings
Altar of Storms1
Orc Burrow8
Barracks2
Farm12
Scout Tower21
Arcane Vault1
Voodoo Lounge1
Arcane Tower6
Keep1
Stronghold1
Lumber Mill2
War Mill2
Guard Tower8
Watch Tower5
Great Hall1
Town Hall2
Beastiary2
Castle1
Arcane Sanctum2
Blacksmith1
Fortress1
Spirit Lodge1
Workshop3
85 total
» build order
00:07 Altar of Storms
00:11 Orc Burrow
00:36 Barracks
00:48 Barracks
00:56 Farm
01:38 Orc Burrow
01:48 Scout Tower
02:05 Arcane Vault
02:16 Voodoo Lounge
02:27 Farm
02:31 Arcane Tower
02:32 Arcane Tower
02:32 Arcane Tower
02:32 Arcane Tower
03:30 Keep
03:39 Stronghold
03:54 Farm
04:05 Orc Burrow
04:34 Lumber Mill
05:00 War Mill
05:09 Scout Tower
05:57 Guard Tower
05:58 Guard Tower
06:40 Watch Tower
06:41 Watch Tower
06:43 Great Hall
06:47 Town Hall
06:49 Scout Tower
06:50 Scout Tower
07:04 Beastiary
07:10 Beastiary
07:17 Castle
07:19 Arcane Sanctum
07:51 Watch Tower
07:52 Watch Tower
08:02 Blacksmith
08:25 Arcane Sanctum
08:33 Arcane Tower
08:34 Guard Tower
08:35 Guard Tower
08:39 Fortress
08:45 Orc Burrow
11:43 Farm
12:07 Orc Burrow
13:23 Farm
13:24 Farm
14:20 Orc Burrow
14:55 Spirit Lodge
15:39 Farm
15:40 Farm
15:45 Lumber Mill
16:53 War Mill
17:23 Farm
17:24 Farm
17:27 Scout Tower
17:27 Scout Tower
17:28 Scout Tower
17:28 Scout Tower
17:29 Scout Tower
18:16 Guard Tower
19:23 Orc Burrow
19:26 Guard Tower
19:31 Farm
19:33 Farm
20:11 Orc Burrow
20:36 Watch Tower
21:41 Scout Tower
21:42 Scout Tower
21:42 Scout Tower
21:45 Scout Tower
21:45 Scout Tower
21:46 Scout Tower
21:46 Scout Tower
21:48 Scout Tower
21:48 Scout Tower
21:49 Scout Tower
21:49 Scout Tower
21:49 Scout Tower
22:19 Guard Tower
24:10 Workshop
24:15 Workshop
25:12 Workshop
25:50 Guard Tower
36:10 Town Hall
» items
Healing Salve2
Scroll of Regeneration3
Lesser Clarity Potion1
Boots of Speed1
Scroll of Town Portal3
Orb of Lightning1
Potion of Healing1
12 total
Random» HumanWorldstar (blue | 43 APM | 1994 actions | 45:52)
Hero icon 5 Archmage
Ability icon 3 Blizzard
Ability icon 2 Brilliance Aura
Hero icon 4 Blood Mage
Ability icon 2 Flame Strike
Ability icon 2 Siphon Mana
Hero icon 1 Paladin
Ability icon 1 Divine Shield

» actions
Assign group hotkey27
Basic commands46
Build / train63
Enter build submenu16
Enter hero's abilities submenu10
Give item / drop item4
Right click983
Select / deselect375
Select group hotkey394
Use ability75
1994 total
» units
Peasant12
Rifleman15
Mortar Team8
Sorceress4
39 total
» upgrades
Gunpowder2
Lumber Harvesting1
Long Rifles1
4 total
» buildings
Altar of Kings1
Farm9
Scout Tower1
Barracks1
Blacksmith1
Arcane Tower1
Arcane Vault1
Lumber Mill1
Keep1
Arcane Sanctum1
Workshop1
19 total
» build order
00:17 Altar of Kings
00:23 Farm
01:03 Scout Tower
01:31 Barracks
01:36 Blacksmith
01:41 Farm
02:10 Arcane Tower
02:24 Arcane Vault
02:29 Lumber Mill
02:38 Farm
03:43 Farm
04:19 Keep
04:44 Farm
05:45 Farm
07:02 Arcane Sanctum
07:05 Workshop
07:28 Farm
07:28 Farm
12:12 Farm
» items
Scroll of Regeneration1
Scroll of Town Portal4
Potion of Healing1
6 total
HumanLionHeart (teal | 55 APM | 2706 actions | 48:50)
Hero icon 7 Archmage
Ability icon 3 Summon Water Elemental
Ability icon 3 Brilliance Aura
Ability icon 1 Mass Teleport

» actions
Assign group hotkey37
Basic commands179
Build / train103
Enter build submenu69
Enter hero's abilities submenu7
Give item / drop item5
Remove unit from queue2
Right click1396
Select / deselect512
Select group hotkey176
Use ability219
2706 total
» units
Peasant25
Footman4
Goblin Shredder4
Gryphon Rider11
Goblin Sapper7
51 total
» upgrades
Masonry3
Storm Hammers1
Armor3
Swords3
Animal War Training1
Cloud1
12 total
» buildings
Altar of Kings1
Barracks1
Farm10
Scout Tower61
Arcane Tower1
Lumber Mill1
Town Hall3
Guard Tower9
Keep2
Arcane Vault2
Castle1
Gryphon Aviary4
Blacksmith2
98 total
» build order
00:37 Altar of Kings
00:40 Barracks
00:50 Farm
00:51 Farm
01:05 Farm
01:34 Farm
02:02 Scout Tower
02:35 Arcane Tower
03:18 Lumber Mill
04:18 Town Hall
04:20 Scout Tower
04:21 Scout Tower
04:21 Scout Tower
04:22 Scout Tower
05:14 Guard Tower
05:50 Keep
05:51 Keep
06:11 Scout Tower
06:12 Scout Tower
06:12 Scout Tower
06:13 Scout Tower
06:33 Arcane Vault
06:54 Guard Tower
07:00 Scout Tower
07:00 Scout Tower
08:01 Guard Tower
08:06 Scout Tower
08:07 Scout Tower
08:08 Scout Tower
08:08 Scout Tower
08:09 Scout Tower
08:10 Scout Tower
08:12 Scout Tower
08:16 Castle
11:13 Guard Tower
11:25 Scout Tower
11:26 Scout Tower
11:27 Scout Tower
11:27 Scout Tower
11:29 Scout Tower
11:30 Scout Tower
11:31 Scout Tower
11:32 Scout Tower
11:39 Gryphon Aviary
11:40 Gryphon Aviary
11:43 Blacksmith
11:48 Blacksmith
12:14 Gryphon Aviary
12:19 Gryphon Aviary
12:26 Farm
12:30 Scout Tower
13:27 Guard Tower
13:53 Guard Tower
16:19 Scout Tower
16:19 Scout Tower
16:21 Scout Tower
16:21 Scout Tower
16:29 Scout Tower
16:29 Scout Tower
16:32 Scout Tower
16:33 Scout Tower
16:34 Scout Tower
16:35 Scout Tower
16:58 Guard Tower
18:08 Guard Tower
18:25 Town Hall
18:28 Scout Tower
18:29 Scout Tower
18:29 Scout Tower
18:30 Scout Tower
18:31 Scout Tower
18:32 Scout Tower
18:32 Scout Tower
18:33 Scout Tower
18:37 Scout Tower
18:37 Scout Tower
18:38 Scout Tower
18:40 Scout Tower
19:08 Arcane Vault
19:36 Guard Tower
21:00 Guard Tower
21:45 Scout Tower
21:46 Scout Tower
21:47 Scout Tower
21:48 Scout Tower
21:50 Scout Tower
21:51 Scout Tower
21:52 Scout Tower
21:53 Scout Tower
21:55 Scout Tower
21:56 Scout Tower
21:57 Scout Tower
21:58 Scout Tower
22:12 Farm
22:14 Farm
22:17 Farm
22:19 Farm
22:22 Farm
26:27 Guard Tower
33:27 Town Hall
» items
Scroll of Regeneration6
Mechanical Critter2
Scroll of Town Portal1
Potion of Healing3
Periapt of Vitality2
Staff of Teleportation1
Potion of Lesser Invulnerability2
17 total
Random» HumanITKMORONS (yellow | 36 APM | 18 actions | 00:29)

» actions
Build / train2
Enter build submenu2
Right click3
Select / deselect9
Use ability2
18 total
» units
Peasant2
2 total
» buildings
Altar of Kings1
Farm1
2 total
» build order
00:17 Altar of Kings
00:22 Farm
team 2
Humantonyportabello (red | 85 APM | 1284 actions | 15:11)
Hero icon 3 Archmage
Ability icon 2 Summon Water Elemental
Ability icon 1 Brilliance Aura
Hero icon 2 Mountain King
Ability icon 1 Storm Bolt
Ability icon 1 Bash
Hero icon 1 Paladin
Ability icon 1 Holy Light

» actions
Assign group hotkey25
Build / train58
Enter build submenu29
Enter hero's abilities submenu6
Right click552
Select / deselect240
Select group hotkey317
Use ability56
1284 total
» units
Peasant18
Rifleman8
Goblin Shredder3
29 total
» upgrades
Armor3
Gunpowder3
Long Rifles1
7 total
» buildings
Altar of Kings1
Farm10
Blacksmith1
Barracks1
Keep1
Arcane Vault1
Lumber Mill2
Castle1
Scout Tower10
Town Hall1
Guard Tower7
36 total
» build order
00:06 Altar of Kings
00:10 Farm
01:04 Blacksmith
01:12 Barracks
01:35 Farm
02:18 Farm
03:01 Farm
03:43 Farm
04:13 Keep
04:25 Farm
05:21 Farm
05:23 Arcane Vault
06:20 Lumber Mill
06:34 Farm
07:57 Farm
07:59 Castle
08:23 Scout Tower
09:06 Farm
09:16 Town Hall
09:32 Scout Tower
09:32 Guard Tower
11:28 Scout Tower
11:29 Guard Tower
11:33 Scout Tower
12:17 Scout Tower
12:18 Scout Tower
12:20 Guard Tower
12:39 Guard Tower
14:14 Scout Tower
14:21 Scout Tower
14:22 Guard Tower
14:54 Scout Tower
14:56 Guard Tower
14:58 Guard Tower
15:01 Lumber Mill
15:04 Scout Tower
» items
Scroll of Regeneration2
Scroll of Town Portal2
4 total
Random» NightElfHellaStrong (pink | 99 APM | 2555 actions | 25:41)
Hero icon 5 Keeper of the Grove
Ability icon 2 Entangling Roots
Ability icon 3 Thorns Aura
Hero icon 4 Priestess of the Moon
Ability icon 2 Trueshot Aura
Ability icon 2 Searing Arrows
Hero icon 1 Paladin
Ability icon 1 Devotion Aura

» actions
Assign group hotkey50
Basic commands12
Build / train97
ESC pressed1
Enter build submenu26
Enter hero's abilities submenu11
Give item / drop item7
Remove unit from queue1
Right click634
Select / deselect480
Select group hotkey1173
Use ability63
2555 total
» units
Wisp26
Huntress4
Hippogryph15
Dryad4
Chimaera4
Knight5
58 total
» upgrades
Ultravision1
Strength of the Wild2
Reinforced Hides2
Abolish Magic1
Well Spring1
Corrosive Breath1
Animal War Training1
9 total
» buildings
Altar of Elders1
Moon Well7
Hunter's Hall1
Ancient of War1
Ancient Protector2
Ancient of Wonders1
Tree of Ages1
Tree of Life1
Tree of Eternity1
Ancient of Wind1
Ancient of Lore1
Chimaera Roost2
Farm3
23 total
» build order
00:21 Altar of Elders
00:23 Moon Well
01:22 Hunter's Hall
01:45 Ancient of War
01:59 Moon Well
02:27 Ancient Protector
02:31 Ancient of Wonders
02:57 Moon Well
05:08 Tree of Ages
05:16 Moon Well
06:25 Ancient Protector
06:28 Tree of Life
08:08 Tree of Eternity
08:09 Ancient of Wind
08:15 Ancient of Lore
11:24 Chimaera Roost
11:48 Chimaera Roost
12:26 Moon Well
16:00 Moon Well
16:34 Moon Well
18:35 Farm
19:35 Farm
20:15 Farm
» items
Lesser Clarity Potion2
Moonstone1
Scroll of Regeneration2
Boots of Speed1
Circlet of Nobility2
Scroll of Town Portal3
Orb of Venom1
Anti-magic Potion2
Potion of Healing1
15 total
Humanfjew (green | 72 APM | 1250 actions | 17:19)
Hero icon 4 Paladin
Ability icon 2 Holy Light
Ability icon 2 Devotion Aura

» actions
Assign group hotkey87
Build / train52
Enter build submenu15
Enter hero's abilities submenu4
Give item / drop item1
Right click555
Select / deselect246
Select group hotkey229
Use ability61
1250 total
» units
Peasant6
Footman13
Knight1
20 total
» upgrades
Defend1
Plating3
Swords3
7 total
» buildings
Barracks2
Altar of Kings1
Farm5
Keep1
Blacksmith1
Arcane Vault1
Lumber Mill1
Castle1
13 total
» build order
00:52 Barracks
01:07 Barracks
01:21 Altar of Kings
01:41 Farm
02:25 Keep
02:32 Farm
02:37 Farm
03:05 Blacksmith
03:19 Farm
03:27 Arcane Vault
04:07 Lumber Mill
06:01 Castle
07:41 Farm
» items
Scroll of Regeneration2
Lesser Clarity Potion2
Scroll of Healing2
Scroll of Protection2
8 total
HumanaWoOoOga (purple | 58 APM | 3451 actions | 59:32)
Hero icon 10 Mountain King
Ability icon 3 Storm Bolt
Ability icon 3 Bash
Ability icon 1 Avatar
Ability icon 3 Thunder Clap

» actions
Assign group hotkey58
Basic commands108
Build / train195
ESC pressed2
Enter build submenu56
Enter hero's abilities submenu11
Give item / drop item16
Remove unit from queue1
Right click1587
Select / deselect352
Select group hotkey828
Use ability237
3451 total
» units
Peasant20
Footman7
Goblin Shredder2
Dragonhawk Rider5
Gryphon Rider14
48 total
» upgrades
Masonry4
Swords3
Armor3
Defend1
Animal War Training1
Lumber Harvesting1
Cloud1
Storm Hammers1
15 total
» buildings
Farm11
Altar of Kings2
Barracks1
Arcane Vault3
Scout Tower30
Lumber Mill1
Town Hall3
Guard Tower54
Keep4
Blacksmith1
Castle4
Gryphon Aviary2
116 total
» build order
00:50 Farm
00:54 Altar of Kings
00:55 Barracks
00:58 Altar of Kings
01:05 Farm
01:38 Farm
02:26 Arcane Vault
02:28 Arcane Vault
02:33 Farm
02:36 Scout Tower
02:43 Lumber Mill
04:21 Town Hall
04:25 Scout Tower
04:26 Scout Tower
04:27 Scout Tower
04:29 Scout Tower
05:08 Guard Tower
06:14 Keep
06:14 Keep
06:14 Keep
07:07 Guard Tower
07:07 Guard Tower
07:07 Guard Tower
07:08 Blacksmith
07:20 Scout Tower
07:32 Scout Tower
07:33 Scout Tower
08:06 Scout Tower
08:08 Scout Tower
08:08 Scout Tower
08:10 Scout Tower
08:12 Scout Tower
09:02 Castle
09:03 Castle
09:03 Castle
09:05 Guard Tower
09:05 Guard Tower
09:05 Guard Tower
09:05 Guard Tower
09:07 Guard Tower
09:07 Guard Tower
09:10 Guard Tower
09:10 Guard Tower
09:10 Guard Tower
09:11 Guard Tower
10:08 Gryphon Aviary
10:14 Gryphon Aviary
11:37 Guard Tower
11:37 Guard Tower
11:48 Scout Tower
11:56 Scout Tower
12:30 Farm
13:26 Guard Tower
13:26 Guard Tower
13:43 Farm
15:25 Guard Tower
15:25 Guard Tower
16:36 Farm
19:08 Scout Tower
19:08 Scout Tower
19:09 Scout Tower
19:13 Scout Tower
19:14 Scout Tower
19:14 Scout Tower
19:18 Scout Tower
19:35 Farm
19:38 Guard Tower
19:38 Guard Tower
19:39 Guard Tower
19:39 Guard Tower
19:39 Guard Tower
19:46 Guard Tower
19:46 Guard Tower
19:46 Guard Tower
20:16 Guard Tower
20:17 Guard Tower
20:17 Guard Tower
20:22 Farm
20:26 Scout Tower
20:27 Scout Tower
21:07 Guard Tower
21:07 Guard Tower
21:07 Guard Tower
21:08 Scout Tower
21:13 Scout Tower
21:23 Scout Tower
21:46 Scout Tower
21:49 Scout Tower
21:50 Scout Tower
22:03 Guard Tower
22:04 Guard Tower
22:52 Guard Tower
22:53 Guard Tower
24:28 Arcane Vault
40:47 Town Hall
40:58 Town Hall
49:30 Farm
55:49 Farm
» items
Scroll of Regeneration10
Mechanical Critter4
Boots of Speed1
Periapt of Vitality1
Dust of Appearance1
Lesser Clarity Potion3
Scroll of Town Portal4
Staff of Sanctuary1
Scroll of Healing1
Scroll of Protection1
Potion of Mana3
Potion of Healing3
33 total

Chat log

(00:15 / Allies) fjew: Footmen.
(00:18 / Allies) fjew: 11 footmen
(00:19 / Allies) fjew: and auris
(00:22 / Allies) fjew: to defend gondor
(00:22 / All) LionHeart: WORLD STAR
(00:26 / Allies) tonyportabello: lol
(00:32 / All) LionHeart: *PUNCHES BLACK BITCH IN HER MOUF*
(00:37 / All) tonyportabello: lolol
(01:13 / Allies) HellaStrong: rush?
(01:16 / Allies) tonyportabello: yes
(01:28 / Allies) tonyportabello: 2 top 2 bottom?

(07:08 / Allies) tonyportabello: b
(07:08 / Allies) tonyportabello: b
(07:47 / All) LionHeart: this creep ai is special
(08:29 / Allies) fjew: i go
(08:33 / Allies) tonyportabello: gold plz
(08:35 / Allies) tonyportabello: i got wood
(08:41 / Allies) aWoOoOga: go red
(09:37 / Allies) tonyportabello: noip
(09:37 / Allies) tonyportabello: no
(09:38 / Allies) tonyportabello: no
(09:39 / Allies) tonyportabello: tpwers
(09:43 / Allies) aWoOoOga: b
(09:43 / Allies) aWoOoOga: b
(09:44 / Allies) aWoOoOga: b
(09:44 / Allies) aWoOoOga: b
(09:45 / Allies) aWoOoOga: b
(09:45 / Allies) aWoOoOga: b
(09:47 / Allies) aWoOoOga: he has towers
(09:48 / Allies) aWoOoOga: b
(09:50 / Allies) fjew: hell no
(09:51 / Allies) fjew: i fight
(09:52 / Allies) tonyportabello: ok
(09:55 / Allies) tonyportabello: go
(09:55 / Allies) tonyportabello: now
(10:40 / All) aWoOoOga: idiot green lose all his units
(10:42 / All) aWoOoOga: hitting wrong base
(11:07 / Allies) HellaStrong: b
(11:24 / All) aWoOoOga: asshole mortar took my xp
(11:47 / Allies) tonyportabello: who needs wood?
(11:56 / Allies) HellaStrong: me
(12:06 / Allies) HellaStrong: thjx
(12:33 / Allies) fjew: going again
(12:45 / All) LionHeart: WORLD STAR
(13:18 / Allies) aWoOoOga: HIT SOMEWHERE ELSE JESUS CHRIST
(13:29 / Allies) tonyportabello: TP NOW
(13:59 / Allies) tonyportabello: tp wtg
(14:11 / Allies) aWoOoOga: I tk
(14:12 / Allies) aWoOoOga: Green has to die
(14:14 / Allies) aWoOoOga: he's a moron
(14:17 / Allies) fjew: ok
(14:21 / Allies) aWoOoOga: doesn't listen to me when I tell him what to hit
(14:24 / Allies) aWoOoOga: and he takes all the fucking creeps
(14:27 / All) LionHeart: green is a fucking jew
(14:35 / All) fjew: :D
(14:37 / All) aWoOoOga: takes advantage of my hangover
(14:40 / All) aWoOoOga: and takes all teh creeps
(15:01 / Allies) fjew: go tk me
(15:03 / Allies) fjew: imma afk
(15:04 / Allies) aWoOoOga: k
(15:06 / Allies) fjew: see yous <3
(15:07 / Allies) HellaStrong: wood?
(15:08 / Allies) aWoOoOga: lol
(15:17 / All) aWoOoOga: Green went "afk"
(15:20 / All) aWoOoOga: He's in for a surprise when he's back
(15:28 / All) Worldstar: stop masing towers
(15:30 / All) Worldstar: noob
(15:43 / All) aWoOoOga: lol
(16:03 / All) aWoOoOga: Time for you to die, blue
(16:13 / Allies) HellaStrong: let it go
(16:21 / All) Worldstar: deeezzz nuts
(16:31 / All) aWoOoOga: TIME FOR YOU TO DIE!
(16:50 / Allies) HellaStrong: tp to my bsae?
(16:51 / All) LionHeart: green what your prob with me is dawg
(17:02 / All) aWoOoOga: DEEZ NUTS
(17:19 / All) aWoOoOga: DEEZ NUTS
(17:19 / Allies) HellaStrong: should we save any bases?
(17:24 / Allies) aWoOoOga: mine
(17:26 / Allies) aWoOoOga: when the time comes
(17:39 / All) Worldstar: can someone explain purp the concept of 4s is to win as a team.
(17:51 / All) aWoOoOga: explain deez nuts
(17:58 / All) aWoOoOga: Suck my dick
(18:03 / All) aWoOoOga: attack me and this is what you get little bitche
(19:01 / All) aWoOoOga: lol

(21:18 / All) Worldstar: lol purple
(21:24 / All) aWoOoOga: out
(21:54 / Allies) HellaStrong: tp to your base
(22:00 / Allies) aWoOoOga: It can wait
(22:51 / Allies) HellaStrong: go
(23:08 / All) aWoOoOga: lol blue
(23:17 / All) aWoOoOga: lol orange
(23:19 / All) aWoOoOga: lol yellow
(23:52 / All) aWoOoOga: lol
(23:55 / All) aWoOoOga: hahaha
(24:00 / All) aWoOoOga: hehehehe
(24:12 / All) aWoOoOga: hahaha!
(25:00 / All) aWoOoOga: hehehe
(25:02 / All) aWoOoOga: deez nuts
(25:11 / All) aWoOoOga: You having as much fun as I am blue?
(25:17 / Allies) HellaStrong: go hit puirprle
(25:24 / All) Worldstar: lol yeah
(25:41 / All) aWoOoOga: haha good blue
(25:47 / All) aWoOoOga: since you lose now, haha
(25:49 / All) aWoOoOga: hehehe!
(25:54 / All) aWoOoOga: Pink left, you lose, LOL
(26:08 / All) aWoOoOga: second pendant
(26:11 / All) aWoOoOga: and not much to use it on

(27:31 / All) Worldstar: lol run!
(27:36 / All) aWoOoOga: Was trying to bait the bm
(27:39 / All) aWoOoOga: haha
(27:41 / All) aWoOoOga: hehehe

(30:11 / All) aWoOoOga: Got your tower
(30:12 / All) aWoOoOga: nigga
(30:24 / All) aWoOoOga: I have 10k gold
(30:26 / All) aWoOoOga: To rebuy him lol

(31:34 / All) aWoOoOga: free gyros!!!!
(31:41 / All) aWoOoOga: hehehe
(31:53 / All) Dels101: Retards
(31:55 / All) Dels101: both of them
(32:23 / All) aWoOoOga: hahaha'
(33:10 / All) LionHeart: blue keeps using yellow
(33:19 / All) Worldstar: u wish fag
(33:23 / All) Worldstar: We know its u
(33:27 / All) aWoOoOga: lol
(33:32 / All) aWoOoOga: What's me?
(33:45 / All) Worldstar: yes
(34:41 / All) aWoOoOga: lol
(34:45 / All) aWoOoOga: haha
(34:46 / All) aWoOoOga: juked!!!

(37:08 / All) aWoOoOga: hahaha

(38:24 / All) Dels101: cant win so you cheat?
(38:34 / All) aWoOoOga: hehehe
(38:37 / All) aWoOoOga: I'm on a 0-0 account
(38:42 / All) aWoOoOga: not exactly looking for wins hahaha
(39:00 / All) Dels101: cheating is sweet
(39:08 / All) aWoOoOga: hahaha no cheats all legit nigga
(39:22 / All) Dels101: yes controlling tanks isnt cheating
(39:57 / All) aWoOoOga: hahaha

(41:44 / All) LionHeart: I thought you mh'd but if you control hack too you're a huge scumbag
(42:01 / All) LionHeart: seriously people like you ruin the game and peoples records
(42:03 / All) aWoOoOga: I have laghack too
(42:05 / All) aWoOoOga: want to see that?
(42:10 / All) LionHeart: no
(42:14 / All) LionHeart: play legit
(42:16 / All) LionHeart: c'mon
(42:16 / All) LionHeart: be noble

(43:19 / All) LionHeart: I've saving replay nad reporting to blizzard so be noble or lose your cdkey
(43:40 / All) aWoOoOga: I report your whole team to blizzard
(43:42 / All) aWoOoOga: for being FAGGOTS
(43:47 / All) aWoOoOga: I shit down blue and orange's throats
(44:31 / All) aWoOoOga: lol
(44:37 / All) aWoOoOga: idiot doesn't learn
(44:37 / All) LionHeart: wtf mamn
(44:47 / All) LionHeart: WTF
(44:52 / All) aWoOoOga: now watch yellow
(45:07 / All) aWoOoOga: hahaha
(45:09 / All) LionHeart: this is fucking stupid
(45:10 / All) aWoOoOga: I have ULTIMATE POWER
(45:17 / All) aWoOoOga: BLUE
(45:22 / All) aWoOoOga: ARE YOU STILL HAVING AS MUCH FUN AS I AM HAHA
(45:55 / All) LionHeart: we earned this victory you loser piece of shit
(46:15 / All) LionHeart: whats your problem
(46:56 / All) LionHeart: it's like you dont want to ever play again.... when blizzard bans you
(47:19 / All) aWoOoOga: hahaha
(47:21 / All) aWoOoOga: I never get banned son
(47:24 / All) aWoOoOga: if I wanted to
(47:34 / All) aWoOoOga: I could use a hack to get your CD key automatically banned
(47:41 / All) aWoOoOga: want to see it, bitch?
(48:40 / All) aWoOoOga: you bore me
(48:47 / All) aWoOoOga: GET OUT OF MY GAME FAGGOT
(49:07 / All) aWoOoOga: out

(50:20 / All) Dels101: hack to get IP banned....
(50:23 / All) Dels101: dumb words
(50:30 / All) Dels101: back from the shower and you still havent won
(50:36 / All) aWoOoOga: lol
(50:42 / All) aWoOoOga: I removed him from the game
(50:46 / All) aWoOoOga: Teal was forced OUT!
(50:49 / All) Dels101: still trash
(50:51 / All) aWoOoOga: I controlled all of your team's stuff
(50:54 / All) aWoOoOga: and made it kill itself
(50:57 / All) aWoOoOga: I own you
(51:12 / All) aWoOoOga: I keep you ingame until the last building
(51:26 / All) aWoOoOga: you can watch me take out the trash and finish up this game
(51:28 / All) Dels101: would love to see
(51:30 / All) aWoOoOga: Enjoy it, slave
(51:36 / All) Dels101: i bet you cant and youre all talk
(51:56 / All) Dels101: they left cause they got bored
(52:01 / All) Dels101: drop hack me now
(52:02 / All) Dels101: lets see
(52:22 / All) aWoOoOga: lol
(52:29 / All) aWoOoOga: want to?
(52:34 / All) aWoOoOga: I have control hack
(52:35 / All) aWoOoOga: lag hack
(52:36 / All) aWoOoOga: drop hack
(52:38 / All) aWoOoOga: map hack
(52:47 / All) aWoOoOga: I own you noob

(53:49 / All) Dels101: sorry ordering food wasnt paying attention
(54:04 / All) Dels101: you're pretty sad

(55:40 / All) aWoOoOga: it's aight, I'm alt tabbed not paying attention haha